AoeStats
← OmarGutieG

Fortress

507553761Analyzed
2v2 RM · 14d ago on Sep 18, 2026· 50m 59s· 4 players
Game mode
Random Map
Map size
Normal (6 player)
Population
200
Speed
Normal
Resources
Standard
Victory
Conquest
Starting age
Dark Age
Ending age
Imperial Age
RankedLock teamsTeams togetherTeam positionsShared explorationLock speedFull tech treeHidden civsTurbo modeCheats
Victory
Defeat
🇺🇸 Hindustanis · United States
1379
+13
🇬🇧 Spanish · United Kingdom
1317
+16
🇲🇽 Magyars · Mexico
1328
-15
🇲🇽 Ethiopians · Mexico
1309
-14
armigame1
7:43 Feudal Age
11:37 Castle Age
9:35 Horse Collar
10:12 Double-Bit Axe
15:21 Bow Saw
16:24 Heavy Plow
16:21 Loom
20:03 Wheelbarrow
24:50 Imperial Age
22:37 Gold Mining
22:56 Scale Barding Armor
23:39 Bloodlines
24:20 Chain Barding Armor
24:47 Gold Shaft Mining
24:55 Husbandry
25:26 Hand Cart
27:08 Town Watch
29:20 Conscription
30:43 Two-Man Saw
30:37 Cavalier
32:06 Plate Barding Armor
31:03 Light Cavalry
31:42 Hussar
33:16 Paladin
36:44 Scale Mail Armor
36:10 Pikeman
36:57 Halberdier
38:38 Chain Mail Armor
43:16 Caravan
45:02 Crop Rotation
OmarGutieG
8:07 Feudal Age
11:57 Castle Age
10:18 Double-Bit Axe
10:17 Horse Collar
14:33 Wheelbarrow
14:21 Bow Saw
16:53 Heavy Plow
16:46 Loom
18:19 Hand Cart
19:05 Town Watch
20:28 Town Patrol
20:44 Gold Mining
22:18 Fletching
22:28 Padded Archer Armor
26:00 Imperial Age
23:57 Crossbowman
26:37 Gold Shaft Mining
25:55 Stone Mining
27:02 Ballistics
26:06 Arbalester
26:45 Bodkin Arrow
27:06 Leather Archer Armor
29:04 Chemistry
28:47 Stone Shaft Mining
28:57 Conscription
31:59 Torsion Engines
32:12 Thumb Ring
32:10 Bracer
32:40 Ring Archer Armor
34:51 Caravan
44:13 Royal Heirs
43:57 Elite Shotel Warrior
45:47 Squires
45:32 Arson
46:31 Scale Mail Armor
46:42 Forging
48:55 Guilds
49:51 Iron Casting
49:32 Chain Mail Armor
abli30
7:56 Feudal Age
11:36 Castle Age
9:36 Double-Bit Axe
9:53 Horse Collar
11:06 Gold Mining
12:23 Wheelbarrow
12:26 Bow Saw
13:22 Heavy Plow
19:53 Hand Cart
21:14 Loom
21:28 Stone Mining
24:29 Imperial Age
23:48 Fletching
24:26 Padded Archer Armor
24:42 Bodkin Arrow
25:10 Ballistics
25:01 Masonry
25:23 Fortified Wall
25:44 Conscription
26:29 Chemistry
25:42 Fortified Wall
25:43 Masonry
26:23 Bracer
26:29 Scale Barding Armor
27:14 Bloodlines
27:20 Forging
27:55 Chain Barding Armor
27:49 Guilds
28:56 Iron Casting
29:25 Plate Barding Armor
30:44 Blast Furnace
29:06 Cavalier
29:47 Husbandry
31:49 Two-Man Saw
31:07 Leather Archer Armor
31:19 Scale Mail Armor
31:54 Architecture
30:54 Light Cavalry
32:24 Chain Mail Armor
32:55 Ring Archer Armor
32:42 Caravan
33:43 Plate Mail Armor
33:54 Stone Shaft Mining
32:52 Paladin
34:23 Hoardings
34:22 Murder Holes
34:14 Arrowslits
42:41 Coinage
43:44 Elite Conquistador
45:47 Banking
Teutonic A J
7:40 Feudal Age
9:30 Double-Bit Axe
11:49 Castle Age
10:28 Horse Collar
12:52 Bow Saw
18:39 Wheelbarrow
17:53 Town Watch
18:34 Heavy Plow
19:00 Loom
20:34 Hand Cart
25:05 Imperial Age
25:33 Imperial Age
23:37 Fortified Wall
23:24 Stone Mining
23:26 Gold Mining
26:28 Imperial Age
24:43 Scale Barding Armor
25:40 Bloodlines
25:55 Chain Barding Armor
25:46 Forging
25:53 Grand Trunk Road
26:28 Husbandry
28:29 Plate Barding Armor
28:30 Iron Casting
27:18 Heavy Camel Rider
28:43 Conscription
29:37 Gold Shaft Mining
29:06 Fletching
29:16 Guard Tower
31:24 Blast Furnace
30:52 Caravan
31:17 Masonry
31:15 Light Cavalry
31:37 Imperial Camel Rider
34:04 Hoardings
34:53 Chemistry
41:41 Padded Archer Armor
41:41 Bodkin Arrow
42:55 Leather Archer Armor
43:22 Shatagni
44:43 Ring Archer Armor
44:14 Bracer
48:26 Ballistics
48:15 Siege Engineers
50:42 Town Patrol
50:25 Hussar
52:25 Two-Man Saw
Connection lost

Rejoining the realm…

Still unreachable

The connection could not be restored.

Session expired

The server has moved on; the page needs a fresh start.